 Dungeon Crawl Stone Soup version 0.24-a0-201-gf205589 (console) character file.

Game seed: 14891574831990961358

3967 bli the Covert (level 10, -3/76 HPs)
             Began as a Formicid Abyssal Knight on Mar 24, 2019.
             Was an Elder of Lugonu.
             Slain by a warg (8 damage)
             ... on level 9 of the Dungeon.
             The game lasted 00:25:01 (9698 turns).

bli the Covert (Formicid Abyssal Knight)            Turns: 9698, Time: 00:25:01

Health: -3/76      AC:  7    Str: 18    XL:     10   Next: 45%
Magic:  11/11      EV: 14    Int: 11    God:    Lugonu [****..]
Gold:   464        SH:  0    Dex: 13    Spells: 9/9 levels left

rFire    . . .     SeeInvis +   b - +1 dagger (elec)
rCold    . . .     Gourm    .   (no shield)
rNeg     . . .     Faith    .   z - +0 leather armour
rPois    .         Spirit   .   (helmet unavailable)
rElec    .         Reflect  .   (no cloak)
rCorr    .         Harm     .   H - +0 pair of gloves
MR       +....                  K - +1 pair of boots
Stlth    ++++......             (no amulet)
HPRegen  0.22/turn              L - ring of teleportation (curse)
MPRegen  0.12/turn              (no ring)

@: no status effects
A: permanent stasis, dig shafts and tunnels, four strong arms, antennae 3
a: Dig, Shaft Self, Depart the Abyss, Bend Space, Banish, Corrupt, Renounce
Religion


You were on level 9 of the Dungeon.
You worshipped Lugonu.
Lugonu was greatly pleased with you.
You were not hungry.

You visited 1 branch of the dungeon, and saw 9 of its levels.
You visited the Abyss 1 time.

You collected 464 gold pieces.

Inventory:

Hand Weapons
 a - a +1 falchion
 b - a +1 dagger of electrocution (weapon)
 n - a +0 hunting sling
 t - a +0 hunting sling
 v - a +0 dagger of protection
 M - a +1 dagger of venom
 Q - a +0 rapier
Missiles
 i - 319 stones
 s - 66 sling bullets
 w - 48 poisoned needles
 D - 4 tomahawks (quivered)
 P - 7 javelins
Armour
 z - a +0 leather armour (worn)
 C - a +2 scale mail of cold resistance
 H - a +0 pair of gloves (worn)
 K - a +1 pair of boots (worn)
Jewellery
 y - an uncursed ring of ice
 L - a cursed ring of teleportation (left hand)
Wands
 o - a wand of random effects (10)
 x - a wand of paralysis (6)
Scrolls
 e - 14 scrolls of identify {unknown}
 f - 5 scrolls of teleportation {unknown}
 g - a scroll of magic mapping {unknown}
 k - 3 scrolls of fear {unknown}
 m - 4 scrolls of remove curse {unknown}
 p - a scroll of immolation {unknown}
 r - a scroll of random uselessness {unknown}
 u - a scroll of noise {unknown}
 F - a scroll of amnesia {unknown}
 J - a scroll of blinking {unknown}
 N - a scroll of enchant weapon {unknown}
 R - a scroll of enchant armour {unknown}
Potions
 d - 7 potions of curing {unknown}
 h - 2 potions of brilliance {unknown}
 j - 2 potions of berserk rage {unknown}
 l - 2 potions of invisibility {unknown}
 q - 2 potions of agility {unknown}
 A - a potion of resistance {unknown}
 B - a potion of haste {unknown}
 E - 2 potions of might {unknown}
 G - a potion of mutation {unknown}
 O - a potion of degeneration {unknown}
Comestibles
 c - 20 rations


   Skills:
 + Level 6.1 Fighting
 * Level 8.9(9.1) Short Blades
 - Level 3.0(6.3) Long Blades
 + Level 4.4 Armour
 + Level 4.8 Dodging
 - Level 10.0 Stealth
 + Level 2.1 Invocations
 + Level 0.7 Evocations


You had 9 spell levels left.
You didn't know any spells.
Your spell library was empty.

Dungeon Overview and Level Annotations

Branches:
Dungeon (9/15)             Temple (0/1) D:7            Lair (0/6) D:9
    Orc: D:9-12

Altars:
Cheibriados
Gozag
Makhleb
Nemelex Xobeh
Qazlal
Sif Muna
The Shining One

Shops:
D:7 (


Innate Abilities, Weirdness & Mutations

You cannot be hasted, slowed, berserked, paralysed or teleported.
You can dig through walls and to a lower floor.
Your four strong arms can wield two-handed weapons with a shield.
You have a pair of large antennae on your head. (SInv)


Message History

You closely miss the warg.
The warg is lightly wounded.
The orc priest looks encouraged for a moment.
The warg bites you!
You hit the warg. Lightning courses through the warg!
The warg is heavily wounded.
You hit the warg but do no damage. Lightning courses through the warg!
The warg is severely wounded.
The orc priest looks braver for a moment.
The warg bites you!
* * * LOW HITPOINT WARNING * * *
You hit the warg but do no damage.
The warg is severely wounded.
The orc priest mumbles some strange prayers to Beogh against you.
Beogh smites you!
* * * LOW HITPOINT WARNING * * *
You hear an angry buzzing noise.
You hear an angry buzzing noise. x2
Something barely misses the orc priest.
The warg bites you!
You die...

...## .... ..# .....>..!..
..# #.....Yo..# ..#
..P{.{...# ..# #..{{...#
..# .{{{{..#
..############### {{oo.#
.........^......# #{.o#
###.........#######.o#####
#........[....@hoy.......
#.............##########.
#...............#
................#
.....#####.###### .....#
#.# ...## #.# .. #.# #.#


You could see a warg, a killer bee, 2 orc priests and an orc.

Vanquished Creatures
  A two-headed ogre (D:8)
  A human (D:8)
  4 hogs (D:8)
  A water moccasin (D:7)
  An orc warrior (D:7)
  3 sky beasts
  A hornet zombie (D:7)
  An ice beast (D:8)
  A phantom (D:8)
  3 ogres
  A necrophage (D:5)
  A centaur (D:8)
  A big kobold (D:8)
  3 bullfrogs
  2 wyvern zombies
  4 scorpions
  7 howler monkeys
  A bullfrog zombie (D:7)
  A centaur zombie (D:9)
  A quasit (Abyss:1)
  2 hounds
  5 orc priests
  3 orc wizards
  3 bullfrog skeletons
  An iguana (D:7)
  3 worker ants
  A killer bee zombie (D:5)
  A hound skeleton (D:7)
  A mummy (D:7)
  9 adders
  A shadow imp (D:7)
  An ooze (D:4)
  4 adder skeletons
  An adder zombie (D:6)
  4 worms
  A dart slug (D:1)
  6 leopard geckos
  18 orcs
  4 bats
  7 giant cockroaches
  4 goblins (D:1)
  9 hobgoblins
  10 jackals
  3 quokkas
  A ball python (D:1)
  6 frilled lizards
  A jackal skeleton (D:5)
  15 kobolds
  8 rats
172 creatures vanquished.

Vanquished Creatures (others)
  5 toadstools (D:1)
5 creatures vanquished.

Grand Total: 177 creatures vanquished

Notes
Turn   | Place    | Note
-------+----------+-------------------------------------------
     0 | Abyss:1  | bli the Formicid Abyssal Knight began the quest for the
                  | Orb.
     0 | Abyss:1  | Reached XP level 1. HP: 18/18 MP: 2/2
    62 | Abyss:1  | Noticed a quasit
    77 | Abyss:1  | Killed a quasit
    77 | Abyss:1  | Reached skill level 1 in Dodging
    77 | Abyss:1  | Reached skill level 2 in Stealth
    77 | Abyss:1  | Reached XP level 2. HP: 10/24 MP: 3/3
    77 | Abyss:1  | Reached XP level 3. HP: 12/29 MP: 4/4
    87 | Abyss:1  | Noticed a rakshasa
    88 | Abyss:1  | Noticed a small abomination
    89 | D:1      | Escaped the Abyss
   806 | D:1      | Reached XP level 4. HP: 35/35 MP: 5/5
   994 | D:1      | Reached skill level 3 in Stealth
  1709 | D:2      | Reached ** piety under Lugonu
  2184 | D:2      | Reached XP level 5. HP: 21/41 MP: 6/6
  3867 | D:4      | Reached skill level 4 in Stealth
  4124 | D:4      | Reached XP level 6. HP: 39/47 MP: 7/7
  4125 | D:4      | Reached skill level 1 in Short Blades
  4147 | D:4      | Noticed an ogre
  4227 | D:4      | Killed an ogre
  4227 | D:4      | Reached skill level 5 in Stealth
  4312 | D:4      | Reached XP level 7. HP: 42/53 MP: 8/8
  4850 | D:4      | Found a deep blue altar of Sif Muna.
  4870 | D:4      | HP: 2/53 [orc wizard/puff of flame (12)]
  5234 | D:5      | Entered Level 5 of the Dungeon
  5256 | D:5      | Reached skill level 6 in Stealth
  5500 | D:5      | Reached *** piety under Lugonu
  5800 | D:5      | Reached XP level 8. HP: 51/60 MP: 9/9
  6172 | D:6      | Found a sparkling altar of Nemelex Xobeh.
  6255 | D:6      | Reached skill level 7 in Stealth
  6456 | D:6      | Found a glowing golden altar of the Shining One.
  6675 | D:6      | Found a stormy altar of Qazlal.
  7241 | D:7      | Reached skill level 5 in Short Blades
  7241 | D:7      | Reached skill level 8 in Stealth
  7241 | D:7      | Reached XP level 9. HP: 57/66 MP: 10/10
  7413 | D:7      | Reached skill level 5 in Fighting
  7719 | D:7      | Found an opulent altar of Gozag.
  7836 | D:7      | Found Orghy's Weapon Shop.
  8129 | D:7      | Found a snail-covered altar of Cheibriados.
  8190 | D:7      | Found a staircase to the Ecumenical Temple.
  8509 | D:8      | Reached **** piety under Lugonu
  8575 | D:8      | Noticed a two-headed ogre
  8592 | D:8      | Killed a two-headed ogre
  8592 | D:8      | Reached skill level 9 in Stealth
  8592 | D:8      | Reached XP level 10. HP: 72/74 MP: 11/11
  8739 | D:8      | Reached skill level 10 in Stealth
  9291 | D:8      | Found a burning altar of Makhleb.
  9686 | D:9      | Found a staircase to the Lair.
  9698 | D:9      | Slain by a warg

Levels and vault maps discovered:
D:1:      dpeg_arrival_solitude, layout_basic, minmay_gold_behind_fungi
D:2:      layout_basic, minmay_stone_trees_large
D:3:      layout_basic, minmay_unequal
D:4:      layout_loops_ring, first_ration, tgw_sif
D:5:      layout_loops_ring, minmay_liquid_box
D:6:      layout_basic, kennysheep_little_box, lemuel_doored_altar, basic_altar
D:7:      layout_loops_ring, slow_altar_2, grunt_gozag_breadcrumbs,
          minmay_temple_entry_poolview, serial_shops, shop
D:8:      layout_cave_pods, grunt_livestock, bloody_makhleb
D:9:      layout_basic, nicolae_overflow_hidden_temple,
          erik_lair_orcish_takeover, david_orc_4
Abyss:1

Skill      XL: |  1  2  3  4  5  6  7  8  9 10 |
---------------+-------------------------------+-----
Dodging        | 1 2 3 4 |  4.8
Stealth        | 2 3 4 5 6 8 9 10 | 10.0
Long Blades    | 3 |  3.0
Short Blades   | 1 3 5 7 8 |  8.9
Fighting       | 4 5 6 |  6.1
Armour         | 3 4 |  4.4
Invocations    | |  2.1
Evocations     | |  0.7

Action                   |  1- 3 |  4- 6 |  7- 9 | 10-12 || total
-------------------------+-------+-------+-------+-------++-------
Melee: Falchion          |    40 |   147 |       |       ||   187
       Dagger            |       |    55 |   309 |    92 ||   456
Throw: Stone             |       |     1 |       |       ||     1
       Tomahawk          |       |       |     3 |       ||     3
 Abil: Dig               |       |       |     1 |       ||     1
Evoke: Wand              |       |       |     2 |     3 ||     5
 Stab: Sleeping          |     1 |    10 |    20 |     2 ||    33
  Eat: Chunk             |       |    11 |     4 |     3 ||    18
       Ration            |       |       |     3 |       ||     3
Armor: Leather armour    |    16 |    37 |    38 |    13 ||   104
Dodge: Dodged            |    39 |   117 |   138 |    35 ||   329
       Rpst.: Falchion   |     6 |    27 |       |       ||    33

Table legend:
 A = Non-vault XP
 B = Vault XP
 C = Vault XP percentage of total XP
 D = Non-vault monster count
 E = Vault monster count
 F = Vault count percentage of total count
                 A         B        C        D         E       F
            +---------+---------+-------+---------+---------+-------
      Total |    4671 |     997 |  17.6 |     165 |       7 |   4.1
            +---------+---------+-------+---------+---------+-------
        D:1 |      35 |       0 |   0.0 |      21 |       0 |   0.0
        D:2 |      84 |       0 |   0.0 |      24 |       0 |   0.0
        D:3 |      62 |      13 |  17.3 |      14 |       1 |   6.7
        D:4 |     432 |       0 |   0.0 |      21 |       0 |   0.0
        D:5 |     513 |       0 |   0.0 |      13 |       0 |   0.0
        D:6 |     470 |       0 |   0.0 |      16 |       0 |   0.0
        D:7 |    1150 |      18 |   1.5 |      26 |       1 |   3.7
        D:8 |    1834 |     966 |  34.5 |      28 |       5 |  15.2
        D:9 |      46 |       0 |   0.0 |       1 |       0 |   0.0
    Abyss:1 |      45 |       0 |   0.0 |       1 |       0 |   0.0
            +---------+---------+-------+---------+---------+-------
